 Dungeon Crawl Stone Soup version 0.30-a0-1160-g6e42c06551 (webtiles) character file.

Game seed: 11697631332344932888

288 BlueFish the Sneak (level 6, -1/42 HPs)
             Began as an Octopode Fighter on Apr 26, 2023.
             Slain by an orc wizard
             ... wielding a +0 dagger
              (2 damage)
             ... on level 4 of the Dungeon.
             The game lasted 00:04:41 (2366 turns).

BlueFish the Sneak (Octopode Fighter)               Turns: 2366, Time: 00:04:42

Health: -1/42      AC:  1    Str: 18    XL:     6   Next: 31%
Magic:  7/7        EV: 13    Int: 10    God:
Gold:   163        SH:  0    Dex: 11    Spells: 5/7 levels left

rFire   . . .        a - +3 whip
rCold   . . .        f - +0 buckler
rNeg    . . .        (helmet restricted)
rPois   .            (no amulet)
rElec   .            l - ring of willpower
rCorr   .            (no ring)
SInv    .            (no ring)
Will    +....        (no ring)
Stlth   ++           (no ring)
HPRegen 0.27/turn    (no ring)
MPRegen 0.10/turn    (no ring)
                     (no ring)

%: no passive effects
@: confused, ambrosia-drunk
A: almost no armour, amphibious, 8 rings, camouflage 1, gelatinous body 1,
(nimble swimmer 1), tentacles
a: no special abilities


You were on level 4 of the Dungeon.
You visited 1 branch of the dungeon, and saw 4 of its levels.

You collected 163 gold pieces.

Inventory:

Hand Weapons
 a - a +3 whip (weapon)
 b - a +0 sling
 r - a +0 flail
 s - a +0 mace
 v - a +0 whip
Missiles
 d - 31 stones (quivered)
 t - 8 poisoned darts
Armour
 f - a +0 buckler (worn)
Jewellery
 l - a ring of willpower (left tentacle)
Scrolls
 g - 3 scrolls of identify {unknown}
 i - 2 scrolls of amnesia {unknown}
 m - a scroll of fear {unknown}
 n - a scroll of enchant armour {unknown}
 o - a scroll of magic mapping {unknown}
 p - a scroll of immolation {unknown}
 u - a scroll of noise {unknown}
 w - a scroll of blinking {unknown}
Potions
 c - 2 potions of might
 h - a potion of curing {unknown}
 j - a potion of resistance {unknown}
 k - a potion of berserk rage {unknown}
 q - a potion of haste {unknown}
 x - a potion of degeneration {unknown}
 z - a potion of flight {unknown}


   Skills:
 + Level 3.5 Fighting
 + Level 2.9 Maces & Flails
 + Level 1.5 Throwing
 + Level 3.6 Dodging
 * Level 3.9 Stealth
 + Level 3.6 Shields
 + Level 1.2 Spellcasting
 + Level 1.1 Transmutations
 + Level 1.1 Earth Magic


You had 5 spell levels left.
You knew the following spells:

 Your Spells              Type           Power      Damage    Failure   Level
a - Passwall              Tmut/Erth      1%         N/A       38%         2

Your spell library contained the following spells:

 Spells                   Type           Power      Damage    Failure   Level
 Ensorcelled Hibernation  Hex/Ice        0%         N/A       54%         2
 Swiftness                Air            0%         N/A       78%         3


Dungeon Overview and Level Annotations

Branches:
Dungeon (4/15)
 Temple: D:4-7

Altars:

Annotations:
D:4 1 runed translucent door, Crazy Yiuf


Innate Abilities, Weirdness & Mutations

You cannot wear most types of armour.
You are amphibious.
You can wear up to eight rings at the same time.
Your skin changes colour to match your surroundings (Stealth+).
Your rubbery body absorbs attacks. (AC +1, EV +1)
((You are camouflaged when in or above water. (Stealth+)))
You have tentacles for arms and can constrict up to eight enemies at once.


Message History

You hit the orc but do no damage. You grab the orc. You squeeze the orc.
The orc is severely wounded.
You constrict the orc, but do no damage.
The orc hits you but does no damage.
An orc comes into view. It is wielding a +0 hand axe.
You hit the orc but do no damage.
The orc is severely wounded.
You constrict the orc, but do no damage.
The orc misses you.
You whack the orc!
You kill the orc!
Something hits you. Something hits you.
An orc comes into view. It is wielding a +0 hand axe.
The orc closely misses you.
You miss something. Something hits you. The orc misses you.
You hit something. The orc closely misses you.
You hear some strange, mumbled words.
A puff of flame appears from out of thin air!
The puff of flame hits you!
You miss something. Something hits you.
You hit something. Something hits you. The orc barely misses you.
The orc hits you with a +0 hand axe.
* * * LOW HITPOINT WARNING * * *
Something hits you.
* * * LOW HITPOINT WARNING * * *
You miss something.
Your tentacle-slap misses something.
The orc hits you with a +0 hand axe.
* * * LOW HITPOINT WARNING * * *
Something hits you.
* * * LOW HITPOINT WARNING * * *
The orc misses you.
Okay, then.
You aren't carrying any items that you can evoke.
It was a potion of ambrosia.
You are confused.
You feel invigorated. The orc hits you with a +0 hand axe!
* * * LOW HITPOINT WARNING * * *
Something hits you.
You die...

#.##.......#### #.
#†##.....#....# ...
...........##..........
.....>...#..#######...
.....................
...########.......#
#.## #.......# #..#
#....o{o# ##.#
#....)@.# #.# #....†).#
##.##########..##.#
...............# ...
....)......#.... ..##
.............##. ...
.)..........# .#....
............ ##.....
............ ....g.


You could see 2 orcs.

Vanquished Creatures
  A howler monkey (D:4)
  A hound (D:4)
  A jelly (D:4)
  An orc wizard (D:3)
  A gnoll (D:1)
  5 adders
  A worm (D:3)
  5 dart slugs
  7 orcs
  9 ball pythons
  4 endoplasms
  2 giant cockroaches
  8 goblins
  7 hobgoblins
  14 jackals
  2 quokkas (D:3)
  2 bats
  2 frilled lizards (D:1)
  10 kobolds
  7 rats
90 creatures vanquished.

Notes
Turn   | Place    | Note
-------+----------+-------------------------------------------
     0 | D:1      | BlueFish the Octopode Fighter began the quest for the Orb.
     0 | D:1      | Reached XP level 1. HP: 16/16 MP: 1/1
    68 | D:1      | Reached skill level 1 in Stealth
    70 | D:1      | Reached XP level 2. HP: 17/21 MP: 2/2
   124 | D:1      | Reached XP level 3. HP: 23/26 MP: 3/3
   698 | D:2      | Reached XP level 4. HP: 24/31 MP: 4/4
   785 | D:2      | Reached skill level 1 in Throwing
   788 | D:2      | Learned a level 2 spell: Passwall
  1652 | D:3      | Reached XP level 5. HP: 36/36 MP: 5/5
  2181 | D:4      | Reached skill level 1 in Spellcasting
  2206 | D:4      | Found a runed translucent door.
  2207 | D:4      | Noticed Crazy Yiuf
  2264 | D:4      | Reached skill level 1 in Transmutations
  2264 | D:4      | Reached skill level 1 in Earth Magic
  2264 | D:4      | Reached XP level 6. HP: 12/42 MP: 7/7
  2366 | D:4      | HP: 1/42 [orc/+0 hand axe (7)]
  2366 | D:4      | Slain by an orc wizard

Illustrated notes

Levels and vault maps discovered:
D:1:      roderic_crossed_star, layout_rooms
D:2:      layout_basic
D:3:      minmay_octagon_keep, layout_basic
D:4:      layout_rooms, chequers_temple_overflow_minitemple,
          uniq_crazy_yiuf_cottage

Skill      XL: |  1  2  3  4  5 |
---------------+----------------+-----
Stealth        | 1 2 3 |  3.9
Throwing       | 1 |  1.5
Spellcasting   | 1 |  1.2
Transmutations | 1 |  1.1
Earth Magic    | 1 |  1.1
Fighting       | |  3.5
Maces & Flails | |  2.9
Dodging        | |  3.6
Shields        | |  3.6

Action                     |  1- 3 |  4- 6 || total
---------------------------+-------+-------++-------
  Melee: Flail             |    32 |    13 ||    45
         Constrict         |    11 |    20 ||    31
         Tentacles         |     5 |    13 ||    18
         Whip              |       |    53 ||    53
         Punch             |       |     1 ||     1
   Fire: Sling             |    46 |   104 ||   150
    Use: Potion            |       |     1 ||     1
   Stab: Sleeping          |     1 |       ||     1
 Armour: Skin              |       |     3 ||     3
  Dodge: Dodged            |    24 |    51 ||    75
  Block: Buckler           |    12 |    11 ||    23

Table legend: (Time is in decaauts)
 A = Elapsed time spent in this place.
 B = Non-inter-level travel time spent in this place.
 C = Inter-level travel time spent in this place.
 D = Time resting spent in this place.
 E = Time spent auto-exploring this place.
 F = Levels seen in this place.
 G = Mean time per level.
                   A        B        C        D        E       F      G
               +--------+--------+--------+--------+--------+-----+--------+
         Total |   2415 |   2287 |    128 |      0 |   1752 |   4 |  603.8 |
       Dungeon |   2415 |   2287 |    128 |      0 |   1752 |   4 |  603.8 |
               +--------+--------+--------+--------+--------+-----+--------+

Top non-repeatable levels by time:
     D:2: 860 daAuts
     D:3: 723 daAuts
     D:1: 596 daAuts
     D:4: 234 daAuts
